 Dungeon Crawl Stone Soup version 0.31-a0-636-ge1c0e020e0 (webtiles) character file.

Game seed: 4051547206837364115

16 rvierbuc the Trooper (level 2, -4/24 HPs)
             Began as a Demonspawn Chaos Knight on Aug 27, 2023.
             Was a Plaything of Xom.
             Slain by a gnoll
             ... wielding a +0 flail
              (6 damage)
             ... on level 1 of the Dungeon.
             The game lasted 00:00:59 (504 turns).

rvierbuc the Trooper (Demonspawn Chaos Knight)       Turns: 504, Time: 00:01:00

Health: -4/24      AC: 10    Str: 12    XL:     2   Next: 41%
Magic:  2/2        EV:  3    Int: 13    God:    Xom [..*...]
Gold:   28         SH:  0    Dex: 12    Spells: 1/1 levels left

rFire   . . .        a - +0 hand axe (chaos)
rCold   . . .        (no shield)
rNeg    . . .        j - +0 plate armour
rPois   .            (no helmet)
rElec   .            (no cloak)
rCorr   .            (no gloves)
SInv    .            (no boots)
Will    .....        (no amulet) Stlth
                     (no ring)
HPRegen 0.24/turn    (no ring)
MPRegen 0.08/turn

%: no passive effects
@: no status effects
A: demonic guardian 1
a: Renounce Religion


You were on level 1 of the Dungeon.
You worshipped Xom.
You were a toy of Xom.
You visited 1 branch of the dungeon, and saw 1 of its levels.

You collected 28 gold pieces.

Inventory:

Hand Weapons
 a - a +0 hand axe of chaos (weapon)
Armour
 b - a +2 leather armour
 j - a +0 plate armour (worn)
Scrolls
 c - a scroll of butterflies
 f - a scroll of fog {unknown}
 i - a scroll of fear {unknown}
Potions
 d - 2 potions of resistance {unknown}
 e - 2 potions of mutation {unknown}
 g - 3 potions of heal wounds {unknown}
 h - a potion of curing {unknown}


   Skills:
 + Level 3.4 Fighting
 + Level 3.0 Axes
 + Level 1.7 Armour
 + Level 1.1 Dodging


You had one spell level left.
You didn't know any spells.
Your spell library was empty.

Dungeon Overview and Level Annotations

Branches:
Dungeon (1/15)

Altars:


Innate Abilities, Weirdness & Mutations

A weak demonic guardian rushes to your aid.


Message History

No target in view!
You see here a +0 plate armour.
i - a scroll labelled GAVAUCKUPHYX As you open the door, it creaks loudly!
You see here a +0 plate armour.
j - a +0 plate armour You start removing your armour.
You continue taking off your +2 leather armour. x4
You finish taking off your +2 leather armour.
You start putting on your armour.
You continue putting on your +0 plate armour. x5
You finish putting on your +0 plate armour.
There is an open door here.
You open the door.
There is an open door here.
You open the door.
There is an open door here.
A gnoll comes into view. It is wielding a +0 flail.
The gnoll shouts!
Xom almost notices you.
Nothing appears to happen...
Ominous!
The gnoll hits you but does no damage.
You closely miss the gnoll. The gnoll hits you with a +0 flail.
You hit the gnoll.
The gnoll suddenly seems more resistant.
The gnoll is moderately wounded.
The gnoll hits you with a +0 flail.
You hit the gnoll.
The gnoll goes berserk!
The gnoll is severely wounded.
The gnoll hits you with a +0 flail.
A demonic guardian appears!
The gnoll hits you with a +0 flail.
* * * LOW HITPOINT WARNING * * *
You are too injured to fight recklessly!
You are too injured to fight recklessly!
Unknown command.
The gnoll attacks as it pursues you! The gnoll barely misses you.
Your shadow imp closely misses the gnoll.
The gnoll attacks as it pursues you! The gnoll hits you with a +0 flail.
* * * LOW HITPOINT WARNING * * *
A demonic guardian appears!
The gnoll hits you with a +0 flail.
You die...

#..........#
..
#........###
####
#######'##
##...
####.#######
...#..<.
#....#.....#
#.......
##....#.....#
###...#.
#.....#.....#
######
#.....#.....#
#....@g.....#
#####55....##
#......#
#......#
#........
#.......##
#.......#
#........


You could see a gnoll (berserk, resistant, ally target), a friendly quasit
(summoned) and a friendly shadow imp (summoned).

Vanquished Creatures
  2 bats (D:1)
  2 endoplasms (D:1)
  A giant cockroach (D:1)
  2 goblins (D:1)
  3 jackals (D:1)
  A quokka (D:1)
  A ball python (D:1)
  A rat (D:1)
13 creatures vanquished.

Notes
Turn   | Place    | Note
-------+----------+-------------------------------------------
     0 | D:1      | rvierbuc the Demonspawn Chaos Knight began the quest for
                  | the Orb.
     0 | D:1      | Reached XP level 1. HP: 18/18 MP: 1/1
   156 | D:1      | Gained mutation: A weak demonic guardian rushes to your
                  | aid. [demonic ancestry]
   156 | D:1      | Reached XP level 2. HP: 16/24 MP: 2/2
   159 | D:1      | Reached skill level 1 in Dodging
   435 | D:1      | XOM: divination: detect items
   499 | D:1      | XOM: silly message
   504 | D:1      | Slain by a gnoll

Illustrated notes

Levels and vault maps discovered:
D:1:      dpeg_chamrin_arrival_tetris, layout_basic

Skill      XL: |  1  2 |
---------------+-------+-----
Dodging        | 1 |  1.1
Axes           | 3 |  3.0
Fighting       | |  3.4
Armour         | |  1.7

Action                     || total
---------------------------++-------
  Melee: Hand axe          ||    36
         Punch             ||     1
 Armour: Leather armour    ||    22
         Plate armour      ||     1
  Dodge: Dodged            ||    36

Table legend: (Time is in decaauts)
 A = Elapsed time spent in this place.
 B = Non-inter-level travel time spent in this place.
 C = Inter-level travel time spent in this place.
 D = Time resting spent in this place.
 E = Time spent auto-exploring this place.
 F = Levels seen in this place.
 G = Mean time per level.
                   A        B        C        D        E       F      G
               +--------+--------+--------+--------+--------+-----+--------+
         Total |    509 |    509 |      0 |      0 |    403 |   1 |  509.0 |
       Dungeon |    509 |    509 |      0 |      0 |    403 |   1 |  509.0 |
               +--------+--------+--------+--------+--------+-----+--------+

Top non-repeatable levels by time:
     D:1: 509 daAuts
